Map: Lightshade LE

Players

TeebuL

  • Race: Protoss Protoss
  • Spawn Location: 11:00

BlysK - Winner!

  • Race: Protoss Protoss
  • League: Master
  • Spawn Location: 5:00

Event: DreamHack SC2 Masters 2020 Winter

VOD

Have the link to the VOD?

Description

Time

  • Played on: Oct. 18, 2020, 5:29 a.m.
  • Length: 19:41

All games in this series

Show
View Real Time Build Order
Export as new Build Order

TeebuL Protoss 

Build Orders:  

Get SALT Encoding   

  12  0:00  Probe  
  13  0:12  Probe  
  14  0:17  Pylon  
  14  0:24  Probe (Chrono Boost)  
  16  0:37  Probe (Chrono Boost)  
  16  0:38  Gateway  
  16  0:42  Probe (Chrono Boost)  
  16  0:45  Assimilator  
  17  0:51  Probe  
  17  0:54  Assimilator  
  18  1:03  Probe  
  19  1:07  Gateway  
  19  1:16  Probe (Chrono Boost)  
  21  1:26  Probe (Chrono Boost)  
  21  1:27  Cybernetics Core  
  21  1:31  Probe (Chrono Boost)  
  21  1:34  Pylon  
  22  1:42  Probe  
  23  1:54  Probe  
  24  2:02  Warp Gate (Chrono Boost)  
  24  2:04  Adept x2  
  24  2:08  Pylon  
  28  2:34  Adept x2  
  31  2:44  Nexus  
  31  2:52  Probe  
  32  3:04  Shield Battery, Adept x2  
  36  3:08  Probe  
  37  3:16  Pylon  
  35  3:23  Probe  
  36  3:32  Stargate  
  34  3:51  Adept x2  
  34  3:52  Probe  
  39  3:57  Probe  
  40  4:04  Probe  
  40  4:09  Probe  
  42  4:14  Oracle (Chrono Boost), Sentry x2  
  42  4:16  Probe  
  47  4:21  Probe  
  50  4:29  Probe  
  47  4:41  Stalker x2  
  47  4:42  Probe (Chrono Boost)  
  41  4:53  Probe (Chrono Boost)  
  41  4:54  Probe (Chrono Boost)  
  38  5:00  Probe x2 (Chrono Boost)  
  38  5:06  Stalker  
  39  5:10  Probe (Chrono Boost)  
  39  5:13  Probe (Chrono Boost)  
  41  5:16  Probe (Chrono Boost)  
  41  5:17  Stalker  
  44  5:21  Probe (Chrono Boost)  
  44  5:26  Probe (Chrono Boost)  
  46  5:30  Probe (Chrono Boost)  
  46  5:32  Probe (Chrono Boost)  
  48  5:35  Probe (Chrono Boost)  
  48  5:39  Twilight Council  
  48  5:41  Probe  
  48  5:42  Pylon  
  50  5:47  Probe  
  51  5:52  Stalker  
  51  5:53  Probe  
  51  5:54  Pylon  
  54  5:58  Assimilator  
  54  6:00  Probe  
  55  6:05  Probe  
  56  6:12  Probe  
  56  6:17  Probe  
  58  6:19  Blink (Chrono Boost)  
  58  6:24  Probe  
  59  6:29  Robotics Facility, Probe  
  59  6:32  Shield Battery  
  60  6:36  Probe  
  61  6:43  Gateway, Zealot  
  61  6:46  Gateway  
  63  6:49  Forge  
  63  6:52  Stalker  
  65  7:07  Probe  
  66  7:13  Nexus  
  66  7:17  Immortal  
  66  7:21  Pylon  
  66  7:22  Pylon  
  70  7:24  Probe  
  70  7:25  Stalker x2  
  70  7:27  Protoss Ground Weapons Level 1 (Chrono Boost)  
  75  7:32  Probe  
  75  7:36  Photon Cannon  
  76  7:42  Photon Cannon, Probe  
  77  7:49  Probe  
  78  7:51  Stalker x2  
  78  7:54  Probe  
  78  7:56  Observer  
  84  8:00  Pylon  
  84  8:01  Probe  
  85  8:06  Probe  
  86  8:13  Probe  
  86  8:19  Charge (Chrono Boost)  
  85  8:21  Gateway  
  85  8:23  Gateway  
  85  8:25  Gateway  
  85  8:27  Shield Battery, Probe  
  85  8:28  Gateway  
  86  8:36  Stalker x2  
  86  8:40  Stalker x2  
  94  8:49  Observer  
  94  8:53  Probe x2  
  94  8:54  Dark Shrine  
  97  8:59  Probe  
  97  9:01  Assimilator x2, Pylon  
  98  9:05  Probe x2  
  98  9:07  Photon Cannon  
  98  9:08  Pylon  
  100  9:11  Probe  
  100  9:15  Robotics Bay, Observer  
  101  9:17  Probe  
  101  9:18  Observer  
  101  9:22  Probe  
  104  9:24  Probe  
  104  9:29  Probe  
  106  9:32  Observer  
  106  9:35  Protoss Ground Weapons Level 2 (Chrono Boost)  
  106  9:36  Observer  
  106  9:38  Robotics Facility  
  106  9:43  Immortal  
  106  9:44  Pylon  
  110  9:46  Pylon  
  110  10:04  Nexus  
  110  10:11  Shadow Stride (Chrono Boost)  
  110  10:13  Probe x2  
  112  10:17  Probe  
  112  10:19  Pylon  
  112  10:20  Stalker x5  
  123  10:22  Disruptor (Chrono Boost)  
  123  10:25  Probe  
  123  10:27  Dark Templar  
  129  10:33  Assimilator  
  129  10:34  Pylon x2  
  129  10:36  Photon Cannon  
  129  10:38  Photon Cannon  
  129  10:47  Disruptor (Chrono Boost)  
  129  10:54  Disruptor (Chrono Boost)  
  135  11:01  Gravitic Boosters  
  135  11:08  Probe  
  135  11:10  Zealot x5  
  135  11:11  Zealot x3  
  152  11:14  Probe x2  
  154  11:20  Probe  
  154  11:25  Disruptor x2 (Chrono Boost)  
  155  11:26  Probe  
  162  11:34  Stalker x5  
  162  11:36  Zealot  
  174  11:42  Dark Templar  
  174  11:44  Zealot  
  161  11:53  Probe  
  154  12:01  Zealot  
  154  12:02  Zealot x5  
  145  12:20  Dark Templar x2  
  136  12:28  Probe x2  
  136  12:29  Disruptor x2 (Chrono Boost)  
  134  12:30  Probe  
  134  12:31  Probe  
  134  12:33  Photon Cannon  
  134  12:34  Photon Cannon  
  134  12:36  Photon Cannon  
  142  12:41  Observer  
  142  12:42  Zealot x4  
  142  12:43  Probe  
  151  12:47  Assimilator  
  151  12:48  Probe  
  148  12:52  Assimilator  
  148  12:53  Probe  
  148  12:56  Disruptor x2 (Chrono Boost)  
  154  13:11  Stalker x6  
  166  13:15  Shield Battery  
  166  13:24  Observer  
  167  13:29  Observer  
  167  13:31  Protoss Ground Weapons Level 3 (Chrono Boost)  
  166  13:35  Nexus  
  166  13:38  Pylon  
  166  13:39  Dark Templar x2  
  170  13:51  Disruptor x2  
  170  13:53  Probe x2  
  178  13:57  Pylon  
  172  14:07  Stalker  
  172  14:08  Stalker x5  
  179  14:21  Observer  
  170  14:25  Stalker x2  
  170  14:27  Disruptor  
  170  14:28  Probe  
  178  14:34  Disruptor  
  181  14:43  Dark Templar x3  
  183  15:02  Disruptor  
  183  15:06  Nexus  
  166  15:40  Disruptor (Chrono Boost)  
  146  15:47  Stalker x7  
  157  15:52  Nexus  
  157  15:55  Pylon  
  157  15:56  Pylon  
  157  15:58  Pylon  
  157  15:59  Pylon  
  157  16:00  Pylon  
  156  16:14  Disruptor x2 (Chrono Boost)  
  156  16:15  Pylon  
  156  16:16  Pylon x2  
  162  16:25  Stalker x5  
  172  16:26  Nexus  
  172  16:27  Pylon  
  168  16:37  Dark Templar  
  155  16:50  Disruptor x2 (Chrono Boost)  
  161  17:01  Photon Cannon  
  161  17:03  Photon Cannon, Dark Templar  
  159  17:13  Dark Templar  
  159  17:15  Zealot  
  153  17:20  Disruptor (Chrono Boost)  
  154  17:32  Dark Templar  
  152  17:48  Probe x3  
  152  17:50  Assimilator  
  155  17:51  Assimilator  
  155  17:56  Stalker  
  157  18:01  Observer  
  156  18:18  Dark Templar x2  
  158  18:21  Dark Templar  
  114  18:35  Dark Templar  
  101  18:44  Dark Templar  
  89  18:51  Stalker  
  91  18:55  Zealot x3  
  91  18:56  Zealot x2  
  101  19:09  Photon Cannon  
  91  19:11  Photon Cannon x2  
  91  19:15  Dark Templar  
  91  19:16  Zealot x3  
Show
View Real Time Build Order
Export as new Build Order

BlysK Protoss - Winner!

Build Orders: Oracle Opening 

Get SALT Encoding   

  12  0:00  Probe  
  13  0:12  Probe  
  14  0:18  Pylon  
  14  0:24  Probe  
  15  0:36  Probe (Chrono Boost)  
  15  0:38  Gateway  
  15  0:42  Assimilator  
  16  0:48  Probe (Chrono Boost)  
  17  0:53  Probe (Chrono Boost)  
  17  0:56  Assimilator  
  18  1:03  Probe  
  19  1:13  Gateway  
  19  1:15  Probe  
  20  1:27  Cybernetics Core, Probe  
  21  1:37  Pylon  
  21  1:39  Probe  
  22  1:51  Probe  
  23  2:02  Stalker x2 (Chrono Boost)  
  23  2:04  Warp Gate  
  23  2:07  Pylon  
  27  2:23  Stalker x2  
  31  2:42  Probe  
  32  2:45  Stargate  
  32  2:50  Shield Battery  
  32  2:56  Probe  
  33  3:21  Nexus  
  33  3:26  Oracle (Chrono Boost)  
  33  3:33  Probe  
  37  3:36  Pylon  
  37  3:51  Probe  
  38  3:56  Oracle  
  38  4:01  Shield Battery  
  41  4:03  Probe  
  41  4:05  Twilight Council  
  42  4:15  Stalker, Probe  
  45  4:27  Probe  
  42  4:43  Pylon  
  42  4:44  Stalker x2  
  41  4:54  Probe (Chrono Boost)  
  41  4:57  Probe (Chrono Boost)  
  42  5:05  Probe (Chrono Boost)  
  44  5:07  Probe (Chrono Boost)  
  44  5:10  Probe (Chrono Boost)  
  44  5:13  Probe  
  44  5:14  Blink (Chrono Boost)  
  43  5:21  Probe  
  45  5:25  Probe  
  46  5:33  Probe (Chrono Boost)  
  48  5:43  Probe (Chrono Boost)  
  48  5:45  Gateway, Probe (Chrono Boost)  
  50  5:50  Probe (Chrono Boost)  
  50  5:51  Probe (Chrono Boost)  
  51  5:58  Forge, Sentry  
  51  5:59  Probe  
  51  6:02  Probe  
  51  6:04  Pylon  
  55  6:09  Phoenix  
  55  6:11  Probe  
  55  6:14  Probe  
  56  6:23  Probe (Chrono Boost)  
  56  6:25  Protoss Ground Weapons Level 1 (Chrono Boost)  
  56  6:30  Gateway  
  56  6:32  Probe (Chrono Boost)  
  58  6:34  Assimilator, Probe (Chrono Boost)  
  58  6:38  Sentry  
  58  6:39  Probe x2 (Chrono Boost)  
  61  6:41  Pylon  
  62  6:50  Probe x2  
  64  6:57  Shield Battery  
  64  7:02  Probe x2  
  66  7:10  Nexus  
  66  7:12  Pylon  
  66  7:14  Probe x2  
  67  7:19  Stalker x2  
  71  7:26  Probe x2  
  71  7:27  Assimilator  
  73  7:33  Robotics Facility  
  73  7:36  Pylon  
  73  7:38  Probe  
  73  7:42  Gateway  
  73  7:43  Stalker  
  76  7:54  Stalker  
  76  7:55  Probe x2  
  80  8:01  Pylon  
  80  8:07  Gateway, Probe  
  80  8:08  Probe  
  80  8:09  Gateway  
  82  8:14  Protoss Ground Weapons Level 2 (Chrono Boost)  
  83  8:20  Probe x2, Immortal (Chrono Boost)  
  83  8:26  Probe  
  89  8:34  Robotics Bay  
  89  8:35  Pylon, Probe  
  89  8:36  Probe  
  91  8:44  Charge  
  91  8:49  Probe, Immortal (Chrono Boost)  
  91  8:50  Probe x2  
  98  9:04  Photon Cannon  
  98  9:07  Dark Shrine  
  98  9:11  Probe  
  98  9:13  Assimilator  
  99  9:18  Assimilator, Robotics Facility  
  99  9:20  Pylon  
  99  9:21  Disruptor (Chrono Boost)  
  102  9:25  Probe  
  102  9:28  Photon Cannon  
  102  9:30  Photon Cannon  
  103  9:32  Shield Battery  
  103  9:40  Stalker x3  
  103  9:43  Stalker x2  
  111  9:47  Disruptor (Chrono Boost)  
  111  9:51  Pylon  
  112  9:53  Pylon  
  112  9:54  Pylon  
  112  10:03  Stalker  
  114  10:11  Gateway  
  114  10:12  Warp Prism (Chrono Boost), Gateway  
  116  10:18  Pylon  
  116  10:21  Photon Cannon, Disruptor  
  116  10:22  Pylon  
  116  10:28  Protoss Ground Weapons Level 3 (Chrono Boost)  
  119  10:33  Stalker x4  
  127  10:46  Disruptor (Chrono Boost)  
  127  10:49  Nexus  
  130  10:51  Photon Cannon  
  130  10:55  Disruptor (Chrono Boost)  
  133  11:07  Shield Battery  
  133  11:12  Pylon  
  133  11:13  Observer (Chrono Boost)  
  133  11:14  Stalker x3  
  130  11:30  Dark Templar x2  
  130  11:31  Dark Templar x2, Zealot x2  
  136  11:52  Disruptor  
  133  11:55  Stalker x3  
  133  11:56  Stalker  
  131  12:12  Disruptor (Chrono Boost)  
  123  12:28  Stalker x3  
  123  12:29  Stalker x4  
  129  12:30  Probe  
  129  12:31  Probe  
  129  12:32  Assimilator  
  129  12:33  Disruptor (Chrono Boost)  
  129  12:34  Probe  
  129  12:36  Assimilator  
  135  12:39  Photon Cannon  
  135  12:41  Pylon  
  135  12:43  Photon Cannon  
  135  12:45  Shield Battery  
  135  12:54  Disruptor (Chrono Boost)  
  135  12:56  Zealot x3  
  135  12:57  Zealot x2  
  148  12:59  Disruptor (Chrono Boost)  
  148  13:02  Stalker x3  
  157  13:20  Disruptor (Chrono Boost)  
  157  13:22  Pylon  
  157  13:23  Zealot x2  
  157  13:24  Pylon, Disruptor (Chrono Boost), Zealot x2  
  168  13:40  Dark Templar x2  
  172  13:44  Dark Templar  
  175  13:48  Observer (Chrono Boost)  
  175  13:50  Warp Prism (Chrono Boost)  
  175  13:52  Protoss Shields Level 1  
  177  13:57  Dark Templar, Zealot x3  
  177  13:58  Zealot  
  187  14:17  Observer  
  186  14:34  Zealot x3  
  186  14:35  Zealot x5  
  194  14:53  Dark Templar  
  174  15:15  Zealot  
  174  15:16  Zealot x7  
  182  15:21  Probe  
  182  15:22  Probe x2  
  182  15:23  Probe  
  172  15:29  Observer  
  172  15:33  Disruptor (Chrono Boost)  
  172  15:34  Disruptor (Chrono Boost), Probe  
  159  15:42  Stalker x2  
  159  15:43  Stalker x6  
  159  15:44  Stalker  
  159  15:48  Protoss Ground Armor Level 1 (Chrono Boost)  
  174  16:06  Disruptor (Chrono Boost)  
  174  16:09  Pylon  
  174  16:10  Photon Cannon  
  175  16:14  Photon Cannon  
  175  16:19  Dark Templar x2  
  175  16:20  Dark Templar, Warp Prism  
  183  16:43  Disruptor  
  182  17:05  Zealot x2  
  182  17:06  Disruptor, Zealot x4  
  197  17:19  Archon  
  197  17:20  Disruptor  
  184  17:35  Zealot x3  
  184  17:36  Zealot  
  183  17:40  Photon Cannon  
  183  17:42  Disruptor (Chrono Boost)  
  180  17:54  Disruptor (Chrono Boost)  
  179  18:13  Disruptor (Chrono Boost)  
  120  18:34  Zealot x3  
  120  18:35  Dark Templar, Zealot x5  
  123  18:51  Disruptor (Chrono Boost), Observer (Chrono Boost)  
  109  19:04  Dark Templar x3  
  109  19:07  Stalker x5  
  109  19:09  Disruptor (Chrono Boost)  
  123  19:13  Zealot  
Tags
 
Add a new tag
Caveats
  • Supply blocks, unpowered buildings, or Contaminate may cause inaccurate times.
  • Supply counts are checked every 10 seconds.